 Dungeon Crawl Stone Soup version 0.30-a0-557-ge2afbf3030 (webtiles) character file.

Game seed: 8646265912485421188

6997 demibob the Grappler (level 10, -2/100 HPs)
             Began as a Troll Chaos Knight on Dec 27, 2022.
             Was a Plaything of Xom.
             Slain by an orc
             ... wielding a +0 flail
              (4 damage)
             ... while petrified by you
             ... on level 9 of the Dungeon.
             The game lasted 00:12:39 (6871 turns).

demibob the Grappler (Troll Chaos Knight)           Turns: 6871, Time: 00:12:41

Health: -2/100     AC: 10    Str: 22    XL:     10   Next: 82%
Magic:  9/9        EV:  1    Int:  6    God:    Xom [...*..]
Gold:   609        SH:  0    Dex: 13    Spells: 9/9 levels left

rFire   . . .      SeeInvis .      - Unarmed
rCold   + . .      Faith    +    (no shield)
rNeg    + + +      Spirit   .    g - +0 robe of the Monkey's Uncle {rC+ Slay+5}
rPois   ∞          Reflect  .    (helmet restricted)
rElec   .          Harm     .    t - +1 cloak
rCorr   .          Rampage  .    (gloves unavailable)
Will    .....                    (boots unavailable)
Stlth   +                        s - amulet of faith {!P}
HPRegen 1.16/turn                T - +4 ring of protection
MPRegen 0.11/turn                (no ring)

@: mighty, petrified, slowed
A: large, unfitting armour, claws 3, regeneration 1, shaggy fur 1, tough skin 1,
antennae 1, dopey 1, poison resistance, wild magic 1, MP-powered wands
a: Renounce Religion


You were on level 9 of the Dungeon.
You worshipped Xom.
You were a favourite toy of Xom.
You visited 1 branch of the dungeon, and saw 9 of its levels.
You also visited: Sewer.

You collected 609 gold pieces.


Innate Abilities, Weirdness & Mutations

You are too large for most types of armour.
You have claws for hands.
Your natural rate of healing is unusually fast.
You are covered in fur. (AC +1)
You have tough skin. (AC +1)
You have a pair of small antennae on your head.
You are dopey. (Int -2)
Your system is resistant to poisons. (rPois)
Your spells are a little harder to cast, but a little more powerful.
You expend magic power (3 MP) to strengthen your wands.


   Skills:
 + Level 6.4 Fighting
 - Level 6.0 Throwing
 - Level 1.9 Dodging
 + Level 13.7 Unarmed Combat


You had 9 spell levels left.
You didn't know any spells.
Your spell library contained the following spells:

 Spells                   Type           Power      Damage    Failure   Level
 Ignite Poison            Fire/Tmut/Pois 0%         N/A       88%         3
 Kindle Blastsparks       Fire/Tloc/Air  0%         2d10      88%         3
 Leda's Liquefaction      Hex/Erth       0%         N/A       99%         4
 Freezing Cloud           Conj/Ice/Air   0%         6-21      100%        5
 Lee's Rapid Deconstruct  Erth           0%         3d4*      100%        5
 Statue Form              Tmut/Erth      0%         N/A       100%        6

Inventory:

Missiles
 j - 4 curare-tipped darts {=f}
 k - a throwing net {=f}
 m - 17 poisoned darts (quivered)
Armour
 g - the +0 robe of the Monkey's Uncle (worn) {rC+ Slay+5}
   (You found it on level 2 of the Dungeon)

   Slay:      It affects your accuracy & damage with ranged weapons and melee
   (+5).
   rC:        It protects you from cold.
 t - a +1 cloak (worn)
Jewellery
 o - an amulet of guardian spirit
 s - an amulet of faith (around neck) {!P}
 T - a +4 ring of protection (left claw)
Wands
 h - a wand of iceblast (10)
 q - a wand of flame (2)
Scrolls
 a - 3 scrolls of enchant weapon
 p - a scroll of magic mapping
 r - a scroll of amnesia
 u - 3 scrolls of enchant armour
Potions
 c - a potion of lignification {unknown}
 f - a potion of cancellation
 i - a potion of haste {@q3}
 l - a potion of attraction
 n - 3 potions of mutation
 v - a potion of resistance {unknown}
Miscellaneous
 b - a piece from Xom's chessboard (15/15)

Dungeon Overview and Level Annotations

Branches:
Dungeon (9/15)             Temple (0/1) D:4            Lair (0/5) D:8
  Sewer (visited)
    Orc: D:9-12

Altars:
Hepliaklqana
Xom

.......>.......
############### .
#####..#################
#####
............>...........
....( .......
................ ......
####### #..............
...... #.....oo.......
...... #....(Y@.......
...[.. #.....b{.......
...... #....(.(.......
...... .......?(.......
...... .........(#######
##### ##########§# # #§#
# #§# # #.# #


You could see a yak, a fire bat and 2 orcs.


Message History

* * * LOW HITPOINT WARNING * * *
The orc hits you but does no damage.
The fire bat bites you but does no damage.
The orc hits you with a +0 flail.
* * * LOW HITPOINT WARNING * * *
The yak gores you!
* * * LOW HITPOINT WARNING * * *
The orc hits you but does no damage. Something hits you.
* * * LOW HITPOINT WARNING * * *
The orc hits you but does no damage.
The fire bat bites you but does no damage.
The orc hits you with a +0 flail. The orc hits you with a +0 war axe.
* * * LOW HITPOINT WARNING * * *
Something hits you but does no damage. The yak gores you but does no damage.
The orc hits you with a +0 flail.
* * * LOW HITPOINT WARNING * * *
The fire bat bites you.
* * * LOW HITPOINT WARNING * * *
You are engulfed in flames.
* * * LOW HITPOINT WARNING * * *
The yak completely misses you. The orc hits you but does no damage.
Something hits you but does no damage. The orc hits you with a +0 flail!
* * * LOW HITPOINT WARNING * * *
The fire bat bites you.
* * * LOW HITPOINT WARNING * * *
You are engulfed in flames!
* * * LOW HITPOINT WARNING * * *
The orc hits you with a +0 flail!
You die...
Xom howls with laughter!

Skill      XL: |  1  2  3  4  5  6  7  8  9 10 |
---------------+-------------------------------+-----
Unarmed Combat | 4 6 8 9 11 12 13 | 13.7
Throwing       | 4 6 |  6.0
Fighting       | 4 6 |  6.4
Dodging        | |  1.9

Action                   |  1- 3 |  4- 6 |  7- 9 | 10-12 || total
-------------------------+-------+-------+-------+-------++-------
Melee: Unarmed           |   112 |    88 |   190 |   120 ||   510
       Punch             |     2 |     3 |    12 |    11 ||    28
Throw: Dart              |       |       |     6 |    17 ||    23
Evoke: Piece from Xom's  |       |       |     1 |       ||     1
       Wand              |       |       |       |     2 ||     2
  Use: Scroll            |     5 |     4 |    10 |     2 ||    21
       Potion            |       |     1 |     8 |     2 ||    11
 Stab: Sleeping          |     1 |       |       |       ||     1
       Confused          |       |     1 |       |       ||     1
       Distracted        |       |       |       |     1 ||     1
Armor: Robe              |    68 |    20 |    66 |    60 ||   214
Dodge: Dodged            |    64 |    21 |    94 |    61 ||   240

Levels and vault maps discovered:
D:1:      ncdulo_wetmaze, layout_basic, shapermc_ecumenical_altar_pompeii,
          serial_bayou_pond_d, minmay_curled_crystal, chequers_jeans,
          serial_park_tiny_2, serial_park_tiny_2
D:2:      layout_loops_ring, basic_altar
D:3:      kb_forest_paths, layout_loops_corners
D:4:      layout_gridville, temple_pool_b, portal_sewer_entry_b, uniq_sigmund,
          uniq_edmund
D:5:      kennysheep_steamy, layout_loops_ring
D:6:      layout_basic
D:7:      layout_rooms, nicolae_overflow_hidden_temple, serial_glass,
          glass_columns_a, glass_columns_c
D:8:      layout_basic, david_lair_generic, special_room [special_room_orc],
          uniq_pikel
D:9:      layout_long_grid

Notes
Turn   | Place    | Note
-------+----------+-------------------------------------------
     0 | D:1      | demibob the Troll Chaos Knight began the quest for the Orb.
     0 | D:1      | Reached XP level 1. HP: 22/22 MP: 0/0
   108 | D:1      | Reached XP level 2. HP: 29/29 MP: 1/1
   171 | D:1      | XOM: enchant monster (good)
   207 | D:1      | Reached skill level 4 in Unarmed Combat
   285 | D:1      | You fall into a shaft and drop 1 floor!
   298 | D:2      | Reached XP level 3. HP: 36/36 MP: 2/2
   337 | D:2      | Found a hazy altar of Hepliaklqana.
   350 | D:2      | Identified the +0 robe of the Monkey's Uncle {rC+ Slay+5}
   446 | D:2      | XOM: smoke on damage
   570 | D:1      | XOM: snakes to sticks
   625 | D:1      | Found a faded altar of an unknown god.
   931 | D:2      | XOM: divination: detect creatures
  1091 | D:2      | XOM: scenery: summon butterflies
  1362 | D:3      | XOM is BORED!
  1362 | D:3      | XOM: enchant monster (bad)
  1385 | D:3      | Reached XP level 4. HP: 44/44 MP: 3/3
  1426 | D:3      | Reached skill level 5 in Unarmed Combat
  1981 | D:3      | XOM: god gift: flail {god gift}
  2239 | D:4      | Found a glowing drain.
  2253 | Sewer    | Entered a sewer
  2356 | Sewer    | Noticed a kobold brigand
  2368 | Sewer    | Killed a kobold brigand
  2369 | Sewer    | Reached skill level 6 in Unarmed Combat
  2369 | Sewer    | Reached XP level 5. HP: 50/50 MP: 4/4
  2385 | Sewer    | XOM: 3-stop teleportation journey
  2399 | Sewer    | Reached XP level 6. HP: 55/59 MP: 5/5
  2402 | Sewer    | Reached skill level 7 in Unarmed Combat
  2594 | Sewer    | XOM: confusion (+ monsters)
  2610 | Sewer    | XOM: summons 6 friendly demons
  2633 | Sewer    | Reached skill level 8 in Unarmed Combat
  2700 | Sewer    | Reached XP level 7. HP: 54/66 MP: 6/6
  2724 | Sewer    | XOM: scenery: summon butterflies
  2745 | Sewer    | XOM: fog
  2935 | D:4      | Noticed Edmund
  2940 | D:4      | Killed Edmund
  2941 | D:4      | Reached skill level 9 in Unarmed Combat
  2956 | D:4      | Found a staircase to the Ecumenical Temple.
  2998 | D:4      | XOM: confuse monster(s)
  3070 | D:4      | Noticed Sigmund
  3085 | D:4      | Killed Sigmund
  3086 | D:4      | Reached XP level 8. HP: 67/74 MP: 7/7
  3593 | D:5      | Entered Level 5 of the Dungeon
  3723 | D:5      | Reached skill level 10 in Unarmed Combat
  3814 | D:5      | XOM: give mutations
  3814 | D:5      | Gained mutation: Your system is resistant to poisons.
                  | (rPois) [Xom's grace]
  3814 | D:5      | Gained mutation: Your spells are a little harder to cast,
                  | but a little more powerful. [Xom's grace]
  3998 | D:5      | XOM: cleaving
  4001 | D:5      | Reached skill level 1 in Throwing
  4048 | D:5      | XOM: cloud trail
  4075 | D:5      | XOM: divination: detect creatures
  4077 | D:5      | Reached skill level 2 in Throwing
  4344 | D:5      | XOM: give mutations
  4344 | D:5      | Gained mutation: You expend magic power (3 MP) to
                  | strengthen your wands. [Xom's grace]
  4344 | D:5      | Gained mutation: You have a pair of small antennae on your
                  | head. [Xom's grace]
  4413 | D:6      | Reached skill level 3 in Throwing
  4456 | D:6      | XOM: potion effect (heal wounds)
  4532 | D:6      | a yak changed into a shapeshifter
  4532 | D:6      | Noticed a shapeshifter (shapeshifter)
  4532 | D:6      | XOM: polymorph yak -> shapeshifter
  4532 | D:6      | a shapeshifter changed into a jumping spider
  4532 | D:6      | Noticed a jumping spider (shapeshifter)
  4543 | D:6      | Reached skill level 4 in Throwing
  4547 | D:6      | Reached skill level 11 in Unarmed Combat
  4547 | D:6      | Reached XP level 9. HP: 65/80 MP: 8/8
  4556 | D:6      | a jumping spider changed into a polar bear
  4556 | D:6      | Noticed a polar bear (shapeshifter)
  4557 | D:6      | XOM: scenery: create altars
  4566 | D:6      | HP: 8/80 [polar bear (shapeshifter) (6)]
  4567 | D:6      | Killed a polar bear
  4568 | D:6      | Reached skill level 5 in Throwing
  4674 | D:6      | XOM: 5-stop teleportation journey
  5140 | D:6      | Reached skill level 6 in Throwing
  5188 | D:6      | XOM: 1-stop teleportation journey
  5205 | D:7      | Found a hazy altar of Hepliaklqana.
  5240 | D:7      | XOM: divination: detect creatures
  5272 | D:7      | Reached skill level 12 in Unarmed Combat
  5348 | D:7      | XOM: god gift: potion of degeneration
  5549 | D:7      | XOM: god gift: sedimented inky potion {god gift}
  5591 | D:8      | Reached skill level 3 in Fighting
  5639 | D:8      | XOM: summons 9 friendly demons
  5644 | D:8      | Noticed an elephant
  5645 | D:8      | Found a staircase to the Lair.
  5652 | D:8      | Killed an elephant
  5653 | D:8      | Reached skill level 4 in Fighting
  5653 | D:8      | Reached XP level 10. HP: 71/92 MP: 6/9
  5819 | D:8      | XOM: cleaving
  5839 | D:8      | XOM: give mutation
  5839 | D:8      | Gained mutation: You are dopey. (Int -2) [Xom's mischief]
  5864 | D:8      | Noticed Pikel
  5865 | D:8      | XOM: summons 5 friendly demons
  5871 | D:8      | XOM: noise
  5875 | D:8      | XOM: swap monsters
  5881 | D:8      | Killed Pikel
  6177 | D:8      | XOM: divination: magic mapping
  6482 | D:8      | Noticed a two-headed ogre
  6489 | D:8      | XOM: divination: detect creatures
  6496 | D:8      | Killed a two-headed ogre
  6497 | D:8      | Reached skill level 5 in Fighting
  6497 | D:8      | Reached skill level 13 in Unarmed Combat
  6537 | D:8      | XOM: confusion (+ monsters)
  6714 | D:9      | XOM: 7-stop teleportation journey
  6800 | D:9      | XOM: potion effect (heal wounds)
  6841 | D:9      | Reached skill level 6 in Fighting
  6853 | D:9      | XOM: chaos cloud
  6855 | D:9      | XOM: god gift: club {god gift}
  6866 | D:9      | XOM: polymorph acid dragon -> fire bat
  6870 | D:9      | HP: 5/100 [orc/+0 flail (6)]
  6871 | D:9      | HP: 2/100 [fire bat (3)]
  6871 | D:9      | Slain by an orc

Vanquished Creatures
  A two-headed ogre (D:8)
  Pikel (D:8)
  A polar bear (shapeshifter) (D:6)
  2 wyverns
  Sigmund (D:4)
  8 yaks
  3 steam dragons
  Edmund (D:4)
  2 orc warriors (D:8)
  A black bear (D:8)
  2 ogres
  A centaur (D:8)
  2 lemures (D:8)
  A phantom (D:6)
  10 kobold brigands
  A necrophage (D:6)
  3 scorpions
  2 bullfrogs
  5 wights (D:6)
  6 killer bees (D:9)
  A howler monkey (D:5)
  5 hounds
  A jelly (D:6)
  A gnoll bouda (D:8)
  4 orc priests
  An iguana (D:7)
  3 orc wizards
  9 gnolls
  8 adders
  A shadow imp (D:6)
  3 ufetubi
  10 worms
  2 dart slugs
  45 orcs
  15 endoplasms
  2 giant cockroaches (D:4)
  7 goblins
  5 hobgoblins (D:1)
  15 kobolds
  5 quokkas
  11 ball pythons
  8 bats
  4 frilled lizards
  8 rats
228 creatures vanquished.

Vanquished Creatures (collateral kills)
  An elephant (D:8)
  A wyvern (D:8)
  A basilisk (D:8)
  A river rat (Sewer)
  An orc (D:8)
5 creatures vanquished.

Vanquished Creatures (others)
  5 fungi (D:5)
  2 plants (D:8)
7 creatures vanquished.

Grand Total: 240 creatures vanquished

Table legend: (Time is in decaauts)
 A = Elapsed time spent in this place.
 B = Non-inter-level travel time spent in this place.
 C = Inter-level travel time spent in this place.
 D = Time resting spent in this place.
 E = Time spent auto-exploring this place.
 F = Levels seen in this place.
 G = Mean time per level.
                   A        B        C        D        E       F      G
               +--------+--------+--------+--------+--------+-----+--------+
         Total |   6761 |   6443 |    318 |    124 |   5050 |  10 |  676.1 |
       Dungeon |   6140 |   5822 |    318 |    117 |   4628 |   9 |  682.2 |
         Sewer |    620 |    620 |      0 |      7 |    422 |   1 |  620.0 |
               +--------+--------+--------+--------+--------+-----+--------+

Top non-repeatable levels by time:
     D:8: 1100 daAuts
     D:3: 933 daAuts
     D:4: 863 daAuts
     D:6: 771 daAuts
     D:5: 771 daAuts
     D:2: 637 daAuts
   Sewer: 620 daAuts
     D:1: 526 daAuts
     D:7: 376 daAuts
     D:9: 160 daAuts

Table legend:
 A = Non-vault XP
 B = Vault XP
 C = Vault XP percentage of total XP
 D = Non-vault monster count
 E = Vault monster count
 F = Vault count percentage of total count
                 A         B        C        D         E       F
            +---------+---------+-------+---------+---------+-------
      Total |    6300 |    3697 |  37.0 |     156 |      75 |  32.5
            +---------+---------+-------+---------+---------+-------
        D:1 |      48 |       0 |   0.0 |      28 |       0 |   0.0
        D:2 |      31 |       0 |   0.0 |      12 |       0 |   0.0
        D:3 |      55 |      14 |  20.3 |      14 |       6 |  30.0
        D:4 |      97 |     370 |  79.2 |      19 |       7 |  26.9
        D:5 |     202 |     373 |  64.9 |       5 |       2 |  28.6
        D:6 |    2252 |       0 |   0.0 |      26 |       0 |   0.0
        D:7 |     175 |       0 |   0.0 |       9 |       0 |   0.0
        D:8 |    1758 |    2063 |  54.0 |      29 |      32 |  52.5
        D:9 |    1682 |       0 |   0.0 |      14 |       0 |   0.0
      Sewer |       0 |     877 | 100.0 |       0 |      28 | 100.0
            +---------+---------+-------+---------+---------+-------
